 Dungeon Crawl Stone Soup version 0.20.1-1-g8b1a95d (webtiles) character file.

18 digijack the Magician (level 2, 0/15 HPs)
             Began as a Vine Stalker Wanderer on Jan 3, 2018.
             Slain by a frilled lizard (1 damage)
             ... on level 1 of the Dungeon.
             The game lasted 00:04:33 (498 turns).

digijack the Magician (Vine Stalker Wanderer)        Turns: 498, Time: 00:04:33

Health: 0/15       AC:  0    Str: 12      XL:     2   Next: 66%
Magic:  0/6        EV: 12    Int: 14      God:
Gold:   11         SH:  0    Dex: 11 (13) Spells: 5/6 levels left

rFire    + . .     SeeInvis .   e - +0 dagger
rCold    . . .     Gourm    .   (no shield)
rNeg     . . .     Faith    .   (no armour)
rPois    .         Spirit   +   (no helmet)
rElec    .         Reflect  .   (no cloak)
rCorr    .         Harm     .   (no gloves)
MR       .....                  (no boots)
Stlth    +.........             (no amulet)
Regen    0.1/turn               (no ring)
MPRegen  0.1/turn               j - ring of protection from fire

@: no status effects
A: fangs 2, hooves 1, deterioration 1, robust 1, magic shield, antimagic bite,
no potion heal 3, rot immunity
a: no special abilities


You were on level 1 of the Dungeon.
You were not hungry.

You visited 1 branch of the dungeon, and saw 1 of its levels.

You collected 11 gold pieces.

Inventory:

Hand Weapons
 e - a +0 dagger (weapon)
Armour
 d - a +0 robe
Jewellery
 h - a +3 ring of protection
 j - a ring of protection from fire (right hand)
Scrolls
 c - a scroll of teleportation
Books
 a - a book of Geomancy

   Spells                             Type                      Level
   a - Sandblast                      Earth                        1
   b - Passwall                       Transmutation/Earth          2
   c - Stone Arrow                    Conjuration/Earth            3
   d - Petrify                        Transmutation/Earth          4
   e - Lee's Rapid Deconstruction     Earth                        5
 b - the Papyrus of the Snowflakes

   Spells                             Type                      Level
   a - Throw Frost                    Conjuration/Ice              2
   b - Ensorcelled Hibernation        Hexes/Ice                    2
Comestibles
 f - a bread ration
 g - a royal jelly


   Skills:
 + Level 1.0 Fighting
 + Level 1.0 Short Blades
 + Level 1.5 Throwing
 + Level 1.1 Dodging
 + Level 1.4 Stealth
 + Level 2.5 Spellcasting
   Level 1.0 Air Magic
 - Level 2.2 Earth Magic


You had 5 spell levels left.
You knew the following spells:

 Your Spells              Type           Power        Failure   Level  Hunger
a - Sandblast             Erth           #.....       9%          1    #......


Dungeon Overview and Level Annotations

Branches:
Dungeon (1/15)

Altars:


Innate Abilities, Weirdness & Mutations

You have extremely sharp teeth.
When hurt, damage is shared between your health and your magic reserves.
Your bite disrupts and absorbs the magic of your enemies.
Potions cannot restore your health.
You are immune to rotting.
You have large cloven feet.
Your body sometimes deteriorates upon taking damage.
You are robust. (+10% HP)


Message History

The frilled lizard barely misses you.
You finish taking off your +0 robe.
You remove your +3 ring of protection.
The giant cockroach bites you.
There are monsters nearby!
There are monsters nearby!
There are monsters nearby!
There are monsters nearby!
There are monsters nearby!
The giant cockroach waves its antennae.
The giant cockroach bites you. The frilled lizard bites you.
The giant cockroach closely misses you. The frilled lizard bites you.
Your body deteriorates!
You feel clumsy. The giant cockroach bites you.
* * * LOW HITPOINT WARNING * * *
The frilled lizard barely misses you. The giant cockroach bites you.
The frilled lizard bites you.
* * * LOW HITPOINT WARNING * * *
The giant cockroach misses you. The frilled lizard bites you.
You die...

#.........#.#
#.#......##.######
##.##.#####...##..
##.##.#####.......
#...#.........##..
#...########.#####
#...# #.........#
#...# #.........#
#@..# #.........#
#ls.# #..........
#.?.# #........).
..................
..................
.....?.............
##...####..........
#...# ####.......
###.....


You could see a giant cockroach and a frilled lizard.

Vanquished Creatures
  An ooze (D:1)
  A leopard gecko (D:1)
  A ball python (D:1)
  5 goblins (D:1)
  A hobgoblin (D:1)
  A bat (D:1)
  A frilled lizard (D:1)
11 creatures vanquished.

Notes
Turn   | Place    | Note
-------+----------+-------------------------------------------
     0 | D:1      | digijack the Vine Stalker Wanderer began the quest for the Orb.
     0 | D:1      | digijack set off with: a book of Geomancy, the Papyrus of the Snowflakes, a scroll of teleportation, a +0 robe, a +0 dagger, a bread ration
     0 | D:1      | Reached XP level 1. HP: 10/10 MP: 4/4
    49 | D:1      | Identified the Papyrus of the Snowflakes
    51 | D:1      | Learned a level 1 spell: Sandblast
    77 | D:1      | Gained mutation: You are robust. (+10% HP) [potion of mutation]
    77 | D:1      | Gained mutation: Your body sometimes deteriorates upon taking damage. [potion of mutation]
    77 | D:1      | Gained mutation: You have large cloven feet. [potion of mutation]
   203 | D:1      | Reached XP level 2. HP: 15/15 MP: 4/6
   498 | D:1      | Slain by a frilled lizard

Action                   || total
-------------------------++-------
Melee: Dagger            ||    26
       Bite              ||     9
       Kick              ||     6
  Use: Potion            ||     4
 Stab: Sleeping          ||     2
Armor: Robe              ||    42
Dodge: Dodged            ||    75
